 Dungeon Crawl Stone Soup version 0.30-b1-2-g02819fbbbe (webtiles) character file.

Game seed: 10184737237699652936

207 DistractedDog the Shield-Bearer (level 5, -4/33 HPs)
             Began as a Gargoyle Fighter on May 22, 2023.
             Slain by Prince Ribbit (6 damage)
             ... on level 7 of the Dungeon.
             The game lasted 00:16:21 (2716 turns).

DistractedDog the Shield-Bearer (Gargoyle Fighter)  Turns: 2716, Time: 00:16:22

Health: -4/33      AC: 13    Str: 21    XL:     5   Next: 85%
Magic:  5/5        EV:  8    Int:  9    God:
Gold:   179        SH:  4    Dex:  9    Spells: 4/4 levels left

rFire   . . .        a - +1 flail
rCold   . . .        c - +0 buckler
rNeg    + . .        i - +0 chain mail
rPois   ∞            (no helmet)
rElec   +            (no cloak)
rCorr   .            (no gloves)
SInv    .            (no boots)
Will    .....        (no amulet) Stlth
                     (no ring)
HPRegen 0.25/turn    (no ring)
MPRegen 0.09/turn

%: no passive effects
@: about to teleport
A: sickness immunity, AC +4, negative energy resistance 1, electricity
resistance, torment resistance 1, petrification resistance
a: no special abilities


You were on level 7 of the Dungeon.
You visited 1 branch of the dungeon, and saw 5 of its levels.

You collected 212 gold pieces.
You spent 33 gold pieces at shops.

Inventory:

Hand Weapons
 a - a +1 flail (weapon)
Missiles
 t - 6 poisoned darts
 u - 3 stones (quivered)
Armour
 c - a +0 buckler (worn)
 i - a +0 chain mail (worn)
 m - a +0 leather armour of positive energy
Scrolls
 b - a scroll of acquirement {unknown}
 g - a scroll of teleportation
 k - 3 scrolls of enchant weapon
 n - 2 scrolls of magic mapping
 o - a scroll of amnesia {unknown}
 p - 2 scrolls of blinking {unknown}
 r - a scroll of brand weapon {unknown}
 s - a scroll of enchant armour {unknown}
Potions
 d - 2 potions of might
 e - 2 potions of heal wounds
 f - a potion of lignification
 h - a potion of cancellation {unknown}
 j - a potion of brilliance {unknown}
 l - a potion of degeneration {unknown}
 q - 3 potions of curing


   Skills:
 + Level 3.9 Fighting
 + Level 4.2 Maces & Flails
 + Level 4.2 Armour
 + Level 0.3 Dodging
 + Level 4.2 Shields


You had 4 spell levels left.
You didn't know any spells.
Your spell library contained the following spells:

 Spells                   Type           Power      Damage    Failure   Level
 Shock                    Conj/Air       0%         1d3       98%         1
 Ensorcelled Hibernation  Hex/Ice        0%         N/A       99%         2
 Spider Form              Tmut/Pois      0%         N/A       100%        3
 Anguish                  Hex/Necr       0%         N/A       100%        4
 Silence                  Hex/Air        0%         N/A       100%        5


Dungeon Overview and Level Annotations

Branches:
Dungeon (4/15)
 Temple: D:4-7

Altars:

Shops:
D:1 *

Annotations:
D:4 Grinder
D:7 Prince Ribbit


Innate Abilities, Weirdness & Mutations

You are immune to sickness and miasma.
Your stone body is resilient. (AC +4)
You are immune to poison.
You resist negative energy. (rN+)
You are resistant to electric shocks. (rElec)
You are resistant to unholy torment.
You are immune to petrification.


Message History

You kill the killer bee!
The centaur wields a +0 shortbow.
The centaur shoots an arrow.
The arrow hits you!
Your Maces & Flails skill increases to level 4!
A howler monkey comes into view.
The centaur shoots an arrow.
The arrow hits you.
The centaur shoots an arrow.
The arrow hits you.
The centaur shoots an arrow.
The arrow hits you but does no damage.
The centaur shoots an arrow.
The arrow hits you but does no damage.
The centaur shoots an arrow.
The arrow hits you.
The centaur shoots an arrow.
The arrow barely misses you.
The centaur shoots an arrow.
The arrow hits you.
* * * LOW HITPOINT WARNING * * *
The centaur shoots an arrow.
The arrow hits you.
* * * LOW HITPOINT WARNING * * *
Okay, then.
As you read the scroll of teleportation, it crumbles to dust.
You feel strangely unstable.
Found a leather armour.
The centaur shoots an arrow.
You block the arrow.
Found a helmet.
Your surroundings suddenly seem different.
An orc warrior, Prince Ribbit and 3 killer bees come into view.
Found a forked fluorescent wand, 14 gold pieces and a ring mail.
Found a stone staircase leading down.
Prince Ribbit gives a loud, deep croak!
The killer bee buzzes angrily. x2
Prince Ribbit blinks!
Prince Ribbit hits you but does no damage.
The killer bee stings you but does no damage.
Found a stone staircase leading down.
The killer bee stings you but does no damage.
An orc comes into view. It is wielding a +0 club.
The killer bee stings you.
* * * LOW HITPOINT WARNING * * *
The killer bee stings you but does no damage.
The killer bee completely misses you.
As you read the scroll of teleportation, it crumbles to dust.
You feel strangely unstable. The killer bee barely misses you. x2
The killer bee stings you but does no damage.
Prince Ribbit hits you.
You die...

#####
.....#####
.......# #
.$.#.###.##
#./......#
#.Fo.##.#
#.y@....#
#.....yy......>
o..........###.
####.#...###
#.#...# #.#....
.[#....# #....#


You could see Prince Ribbit, an orc warrior, 3 killer bees and an orc.

Vanquished Creatures
  A killer bee (D:7)
  5 adders
  4 gnolls
  3 worms
  4 dart slugs
  4 orcs
  2 ball pythons
  10 endoplasms
  3 giant cockroaches
  6 goblins
  5 hobgoblins
  2 kobolds (D:2)
  3 quokkas
  A bat (D:1)
  4 frilled lizards
  6 rats
63 creatures vanquished.

Notes
Turn   | Place    | Note
-------+----------+-------------------------------------------
     0 | D:1      | DistractedDog the Gargoyle Fighter began the quest for the
                  | Orb.
     0 | D:1      | Reached XP level 1. HP: 14/14 MP: 1/1
   243 | D:1      | Found Kutotz's General Store.
   381 | D:1      | Reached XP level 2. HP: 19/19 MP: 2/2
   441 | D:1      | Bought a scroll of identify for 22 gold pieces
   737 | D:1      | Bought a scroll of noise for 11 gold pieces
   898 | D:2      | Reached XP level 3. HP: 22/24 MP: 3/3
  1065 | D:2      | Got the Thoughts on Exhalation
  1808 | D:2      | Reached XP level 4. HP: 29/29 MP: 4/4
  2267 | D:3      | Reached XP level 5. HP: 33/33 MP: 5/5
  2390 | D:4      | Noticed Grinder
  2689 | D:4      | You fall into a shaft and drop 3 floors!
  2698 | D:7      | Noticed a centaur
  2714 | D:7      | Noticed an orc warrior
  2714 | D:7      | Noticed Prince Ribbit
  2715 | D:7      | HP: 1/33 [killer bee (6)]
  2716 | D:7      | Slain by Prince Ribbit

Illustrated notes

Levels and vault maps discovered:
D:1:      minmay_arrival_radiant_lines, layout_loops_cross, serial_shops, shop,
          chequers_arboretum, minmay_misc_feat_roman, chequers_garden,
          minmay_heptomino_d4
D:2:      layout_basic, dk_noncrumbling_3
D:3:      layout_rooms
D:4:      layout_basic, enter_ossuary_2, uniq_grinder, uniq_ijyb
D:7:      layout_loops_ring, minmay_manual_monolith, uniq_prince_ribbit1,
          uniq_crazy_yiuf_cottage, uniq_joseph

Skill      XL: |  1  2  3  4  5 |
---------------+----------------+-----
Maces & Flails | 3 4 |  4.2
Shields        | 4 |  4.2
Armour         | 4 |  4.2
Fighting       | |  3.9
Dodging        | |  0.3

Action                     |  1- 3 |  4- 6 || total
---------------------------+-------+-------++-------
  Melee: Flail             |   144 |    92 ||   236
  Throw: Stone             |     3 |     4 ||     7
    Use: Scroll            |     4 |     3 ||     7
 Armour: Scale mail        |    26 |       ||    26
         Chain mail        |    54 |    69 ||   123
  Dodge: Dodged            |    60 |    49 ||   109
  Block: Buckler           |    36 |    33 ||    69
